 Dungeon Crawl Stone Soup version 0.20.0-7-g3b7b877 (webtiles) character file.

87 grisnicke the Skirmisher (level 4, 0/29 HPs)
             Began as a Tengu Arcane Marksman on May 29, 2017.
             Slain by Natasha (4 damage)
             ... on level 1 of the Dungeon.
             The game lasted 00:08:20 (1366 turns).

grisnicke the Skirmisher (Tengu Arcane Marksman)    Turns: 1366, Time: 00:08:20

Health: 0/29       AC:  6    Str: 11    XL:     4   Next: 51%
Magic:  6/6        EV: 11    Int: 13    God:
Gold:   94         SH:  0    Dex: 15    Spells: 4/5 levels left

rFire    . . .     SeeInvis .   a - +0 club
rCold    . . .     Gourm    .   (no shield)
rNeg     . . .     Faith    .   j - +0 ring mail
rPois    .         Spirit   .   (helmet restricted)
rElec    .         Reflect  .   o - +0 cloak
rCorr    .         Harm     .   (no gloves)
MR       .....                  (boots unavailable)
Stlth    +.........             (no amulet)
Regen    0.1/turn               (no ring)
MPRegen  0.1/turn               (no ring)

@: slowed, very slow
A: beak, talons 3
a: no special abilities


You were on level 1 of the Dungeon.
You were not hungry.

You visited 1 branch of the dungeon, and saw 2 of its levels.

You collected 94 gold pieces.

Inventory:

Hand Weapons
 a - a +0 club (weapon)
   (You took it off a hobgoblin on level 1 of the Dungeon)
 b - a +0 hand crossbow
Missiles
 d - 14 bolts
 k - 59 stones (quivered)
 l - 2 javelins
 p - 26 sling bullets
Armour
 e - a +0 robe
 j - a +0 ring mail (worn)
   (You found it on level 1 of the Dungeon)
 o - a +0 cloak (worn)
   (You found it on level 1 of the Dungeon)
Scrolls
 g - a scroll of enchant armour {unknown}
 m - a scroll of remove curse {unknown}
 q - a scroll of teleportation {unknown}
 s - a scroll of identify {unknown}
 t - a scroll of magic mapping {unknown}
Potions
 h - a potion of lignification {unknown}
 i - 2 potions of resistance {unknown}
 n - a potion of curing {unknown}
Books
 c - a book of Debilitation
Comestibles
 f - 2 bread rations {@e1}
 r - 6 chunks of flesh {@w0}
 u - a royal jelly


   Skills:
 + Level 3.9 Fighting
 - Level 2.1 Crossbows
 - Level 2.1 Dodging
 - Level 1.0 Spellcasting
 - Level 2.4 Hexes


You had 4 spell levels left.
You knew the following spells:

 Your Spells              Type           Power        Failure   Level  Hunger
v - Corona                Hex            #......      26%         1    ##.....


Dungeon Overview and Level Annotations

Branches:
Dungeon (2/15)

Altars:
Xom

Annotations:
D:1 Natasha


Innate Abilities, Weirdness & Mutations

You have a beak for a mouth.
You have claws for feet.


Message History

Aim: a frilled lizard You throw a stone.
The stone misses the frilled lizard.
Aim: a frilled lizard You throw a stone.
The stone barely misses the frilled lizard.
You closely miss the frilled lizard. The frilled lizard closely misses you.
You hit the frilled lizard.
You kill the frilled lizard!
No target in view!
You see here a frilled lizard corpse.
You butcher the frilled lizard corpse.
r - 7 chunks of flesh {@w0} (gained 1)
k - 43 stones (gained 1)
An ooze comes into view.
The ooze quivers.
The ooze moves out of view.
You are feeling hungry.
You hit the ooze. You claw the ooze. The ooze barely misses you.
You hit the ooze. The ooze hits you. x2
You take 3 damage, and have 26/29 hp.
You hit the ooze. You peck the ooze.
You kill the ooze!
No target in view!
k - 57 stones (gained 14)
t - a scroll labeled TAIREO RABORU
k - 58 stones (gained 1)
k - 59 stones (gained 1)
Okay, then.
Health restored: 29
u - a royal jelly Saving game... please wait.
Welcome back, grisnicke the Tengu Arcane Marksman.
Eating one of 7 chunks of flesh {@w0}.
You eat one of the 7 chunks of flesh {@w0}.
Natasha, Servant of Life and Death comes into view.
Natasha hisses angrily.
Natasha moves out of view.
Natasha stares at you and mumbles some strange words.
You feel yourself slow down. Natasha casts a spell at you.
You feel as though you will be slow longer.
Unknown command.
Natasha mumbles some strange words.
Natasha mumbles some strange words.
The crimson imp spits at you.
Natasha mumbles some strange words.
Natasha mumbles some strange words.
You feel disoriented.
The crimson imp lashes its tail.
The crimson imp closely misses you.
The crimson imp shouts, "Quit, thou artless magpie-eyed boar-pig!"
The crimson imp barely misses you.
The crimson imp disappears in a puff of smoke!
Natasha wildly gestures.
Natasha's front paws start to glow.
Natasha claws you.
You take 5 damage, and have 24/29 hp.
You hit Natasha. You claw Natasha.
Natasha stares at you and mumbles some strange words.
The magic dart hits you!
Natasha mumbles some strange words.
You take 4 damage, and have 20/29 hp.
You hit Natasha. You claw Natasha. Your peck misses Natasha.
The iron imp disappears in a puff of smoke!
Natasha closely misses you. Natasha barely misses you.
Natasha stares at you and mumbles some strange words.
You feel as though you will be slow longer.
Natasha casts a spell.
The iron imp hits you!
You take 7 damage, and have 14/29 hp.
MASSIVE DAMAGE!!
The shadow imp sputters.
The shadow imp disappears in a puff of smoke!
Natasha mumbles some strange words.
The shadow imp gestures at you. Pain shoots through your body!
* * * LOW HITPOINT WARNING * * *
Natasha growls.
You take 9 damage, and have 5/29 hp.
MASSIVE DAMAGE!!
Natasha wildly gestures.
Natasha glows brightly for a moment.
The shadow imp disappears in a puff of smoke!
The shadow imp barely misses you. Natasha claws you but does no damage.
Natasha barely misses you. The shadow imp hits you.
* * * LOW HITPOINT WARNING * * *
There is a stone staircase leading up here.
You take 2 damage, and have 3/29 hp.
Natasha closely misses you. The shadow imp misses you.
You climb upwards.
The shadow imp disappears in a puff of smoke!
There is a stone staircase leading down here.
You closely miss Natasha. Your kick misses Natasha.
Natasha mumbles some strange words.
Natasha wildly gestures.
Natasha's front paws start to glow.
Natasha barely misses you.
You barely miss Natasha. You claw Natasha, but do no damage.
Natasha casts a spell at you. The magic dart hits you! Natasha claws you.
You die...

#...........###.##8.........8#..#
#..............(.#...........#.##
##....)..........#8.........8#.##
##...#..........##.........##..#
######.........#####8<8######..
#.........##############.#
#.........................
#.................####....
#........@.5.....## ##...
##........h....### #...
##.....#.....## #...
############# #... ####


You could see Natasha and a crimson imp.

Vanquished Creatures
  Natasha (D:2)
  2 adders (D:2)
  An ooze (D:2)
  A dart slug (D:1)
  2 leopard geckos (D:1)
  7 bats
  4 giant cockroaches (D:1)
  6 goblins
  4 hobgoblins
  2 quokkas (D:2)
  A frilled lizard (D:2)
  2 kobolds (D:1)
  3 rats (D:1)
36 creatures vanquished.

Notes
Turn   | Place    | Note
-------+----------+-------------------------------------------
     0 | D:1      | grisnicke the Tengu Arcane Marksman began the quest for the Orb.
     0 | D:1      | Reached XP level 1. HP: 12/12 MP: 3/3
   134 | D:1      | Reached XP level 2. HP: 14/16 MP: 4/4
   345 | D:1      | Found a shimmering altar of Xom.
   383 | D:1      | Reached skill level 2 in Fighting
   661 | D:1      | Reached XP level 3. HP: 22/22 MP: 5/5
   751 | D:2      | Noticed Natasha
  1049 | D:2      | Reached skill level 3 in Fighting
  1058 | D:2      | Killed Natasha
  1058 | D:2      | Reached XP level 4. HP: 18/28 MP: 4/6
  1324 | D:2      | Noticed Natasha
  1358 | D:2      | HP: 5/29 [shadow imp/nerve-wracking pain[Natasha] (10)]
  1366 | D:1      | Slain by Natasha

Skill      XL: |  1  2  3 |
---------------+----------+-----
Fighting       | 2 3 |  3.9
Crossbows      | |  2.1
Dodging        | |  2.1
Spellcasting   | |  1.0
Hexes          | |  2.4

Action                   |  1- 3 |  4- 6 || total
-------------------------+-------+-------++-------
Melee: Club              |    92 |    23 ||   115
       Kick              |    27 |     6 ||    33
       Peck              |    12 |     6 ||    18
 Fire: Hand crossbow     |    20 |     3 ||    23
Throw: Stone             |    17 |     4 ||    21
 Cast: Corona            |     2 |       ||     2
  Eat: Chunk             |     1 |     1 ||     2
Armor: Ring mail         |    59 |    12 ||    71
Dodge: Dodged            |    77 |    29 ||   106

Vault maps used:
D:1:      mrwooster_arrival_statue_2, xom_teletrap_fun
D:2:      uniq_natasha

Table legend:
 A = Turns spent in this place as a percentage of turns spent in the entire game.
 B = Non-inter-level travel turns spent in this place as a percentage of non-inter-level travel turns spent in the entire game.
 C = Inter-level travel turns spent in this place as a percentage of turns spent in this place.
 D = Turns resting spent in this place as a percentage of non-inter-level travel turns spent in this place.
 E = Turns spent auto-exploring this place as a percentage of non-inter-level travel turns spent in this place.
 F = Non-inter-level travel turns spent in this place divided by the number of levels of this place that you've seen.
                   A       B       C       D       E      F
               +-------+-------+-------+-------+-------+----------------------
         Total | 100.0 | 100.0 |   0.2 |   1.7 |   3.0 | 298.5
       Dungeon | 100.0 | 100.0 |   0.2 |   1.7 |   3.0 | 298.5
               +-------+-------+-------+-------+-------+----------------------

Table legend:
 A = Kills in this place as a percentage of kills in entire the game.
 B = Kills by you in this place as a percentage of kills by you in the entire game.
 C = Kills by friends in this place as a percentage of kills by friends in the entire game.
 D = Other kills in this place as a percentage of other kills in the entire game.
 E = Experience gained in this place as a percentage of experience gained in the entire game.
 F = Experience gained in this place divided by the number of levels of this place that you have seen.
                   A       B       C       D       E      F
               +-------+-------+-------+-------+-------+----------------------
         Total | 100.0 | 100.0 |  -nan |  -nan | 100.0 |  62.5
       Dungeon | 100.0 | 100.0 |  -nan |  -nan | 100.0 |  62.5
               +-------+-------+-------+-------+-------+----------------------
